 Dungeon Crawl Stone Soup version 0.28-a0-503-g83f2989fac (webtiles) character file.

Game seed: 13147592291989993292

106 frimble the Stinger (level 4, -16/30 HPs)
             Began as a Demonspawn Venom Mage on Sept 21, 2021.
             Demolished by an ogre (31 damage)
             ... on level 4 of the Dungeon.
             The game lasted 00:04:19 (3620 turns).

frimble the Stinger (Demonspawn Venom Mage)         Turns: 3620, Time: 00:04:20

Health: -16/30     AC:  3    Str:  8    XL:     4   Next: 55%
Magic:  6/7        EV: 12    Int: 18    God:
Gold:   151        SH:  0    Dex: 13    Spells: 7/8 levels left

rFire   . . .      SeeInvis .   f - +0 dagger
rCold   . . .      Faith    .   (no shield)
rNeg    . . .      Spirit   .   a - +1 robe
rPois   .          Reflect  .   (no helmet)
rElec   .          Harm     .   (no cloak)
rCorr   .          Rampage  .   (no gloves)
Will    .....                   (no boots)
Stlth   ++........              c - amulet of the acrobat
HPRegen 0.10/turn               (no ring)
MPRegen 0.20/turn               (no ring)

@: very slightly contaminated
A: spiny 1, magic regeneration
a: no special abilities


You were on level 4 of the Dungeon.
You visited 1 branch of the dungeon, and saw 4 of its levels.

You collected 151 gold pieces.

Inventory:

Hand Weapons
 f - a +0 dagger (weapon)
Armour
 a - a +1 robe (worn)
Jewellery
 b - an amulet of magic regeneration
 c - an amulet of the acrobat (around neck)
 i - a ring of protection from fire
Wands
 g - a wand of mindburst (13)
Scrolls
 h - a scroll of fog {unknown}
 k - a scroll of identify
Potions
 d - a potion of mutation
 e - a potion of ambrosia {unknown}
 j - a potion of might {unknown}
 l - 2 potions of magic {unknown}
 m - 2 potions of flight {unknown}


   Skills:
 - Level 1.8 Dodging
 - Level 1.8 Stealth
 + Level 2.6 Spellcasting
 - Level 1.0 Transmutations
 + Level 4.9 Poison Magic


You had 7 spell levels left.
You knew the following spells:

 Your Spells              Type           Power      Damage    Failure   Level
a - Sting                 Tmut/Pois      52%        1d5       4%          1

Your spell library contained the following spells:

 Spells                   Type           Power      Damage    Failure   Level
 Poisonous Vapours        Pois/Air       22%        N/A       10%         2
 Olgreb's Toxic Radiance  Pois           20%        N/A       22%         4
 Mephitic Cloud           Conj/Pois/Air  8%         N/A       26%         3


Dungeon Overview and Level Annotations

Branches:
Dungeon (4/15)
 Temple: D:4-7

Altars:
Elyvilon
Fedhas
Nemelex Xobeh
Vehumet

Shops:
D:1 :

Annotations:
D:2 Sigmund


Innate Abilities, Weirdness & Mutations

You are partially covered in sharp spines.
You regenerate magic rapidly.


Message History

No target in view!
No target in view!
No target in view!
No target in view!
Found a stone staircase leading down.
m - 2 silvery potions
Found 6 poisoned darts.
An ogre comes into view. It is wielding a +0 giant club.
The ogre shouts!
An ogre is nearby!
An ogre is nearby!
Aiming: Sting (safe; 4% risk of failure)
Press: ? - help, Q - select action, (/) - cycle Shift-Dir - straight line, f - ogre
Aim: an ogre, wielding a +0 giant club (86% to hit)
The sting hits the ogre.
The ogre is poisoned.
The ogre is lightly wounded.
Aiming: Sting (safe; 4% risk of failure)
Press: ? - help, Q - select action, (/) - cycle Shift-Dir - straight line, f/p - ogre
Aim: an ogre, wielding a +0 giant club (lightly wounded, poisoned, 86% to hit)
The sting hits the ogre.
The ogre looks even sicker.
The ogre is lightly wounded.
The ogre looks more healthy.
Aiming: Sting (safe; 4% risk of failure)
Press: ? - help, Q - select action, (/) - cycle Shift-Dir - straight line, f/p - ogre
Aim: an ogre, wielding a +0 giant club (heavily wounded, 86% to hit)
The sting hits the ogre.
The ogre is poisoned.
The ogre is severely wounded.
The ogre hits you with a +0 giant club!
Ouch! That really hurt!
The ogre looks more healthy.
There is a stone staircase leading down here.
Aiming: Sting (safe; 4% risk of failure)
Press: ? - help, Q - select action, (/) - cycle Shift-Dir - straight line, f/p - ogre
Aim: an ogre, wielding a +0 giant club (severely wounded, 86% to hit)
You miscast Sting.
You are very lightly contaminated with residual magic.
Nothing appears to happen.
The ogre hits you with a +0 giant club!!
Ouch! That really hurt!
You die...

##.#.####
#..#..#.#
##......#
##..#.#..#
##..###...#
##.....#####
##.....##
##....#.#
.#....†@.###
........O##.#
###
#...........#
#.###
##..........#
#...#
#..........#
#...#
#........>.##
###..
.....####...##
##. ..###
##...# #. ..
##..##########.


You could see an ogre.

Vanquished Creatures
  A jelly (D:4)
  4 adders
  An orc (D:3)
  3 endoplasms
  5 goblins
  6 hobgoblins
  3 kobolds
  3 quokkas
  6 ball pythons
  6 bats
  2 frilled lizards
  8 rats
48 creatures vanquished.

Notes
Turn   | Place    | Note
-------+----------+-------------------------------------------
     0 | D:1      | frimble the Demonspawn Venom Mage began the quest for the
                  | Orb.
     0 | D:1      | Reached XP level 1. HP: 13/13 MP: 3/3
   313 | D:1      | Reached skill level 1 in Transmutations
   965 | D:1      | Gained mutation: You are partially covered in sharp spines.
                  | [demonic ancestry]
   965 | D:1      | Reached XP level 2. HP: 19/19 MP: 5/5
  1116 | D:1      | Found Wus Lebi's Book Boutique.
  1821 | D:2      | Reached skill level 4 in Poison Magic
  1821 | D:2      | Reached XP level 3. HP: 7/24 MP: 2/6
  2434 | D:2      | Noticed Sigmund
  2572 | D:3      | Found a sparkling altar of Nemelex Xobeh.
  2697 | D:3      | Found a blossoming altar of Fedhas.
  3150 | D:4      | Gained mutation: You regenerate magic rapidly. [demonic
                  | ancestry]
  3150 | D:4      | Reached XP level 4. HP: 15/30 MP: 2/7
  3336 | D:4      | Found a radiant altar of Vehumet.
  3584 | D:4      | Noticed an ogre
  3620 | D:4      | Demolished by an ogre

Illustrated notes

Levels and vault maps discovered:
D:1:      elethiomel_arrival_fortress_basement, layout_basic, serial_shops,
          shop, hex_large
D:2:      layout_basic, basic_altar, dilly_ecumenical_altar_fadedgnrine,
          uniq_sigmund
D:3:      layout_rooms, fedhas_altar_2, mainiacjoe_overflow_paths,
          roderic_lattice_a
D:4:      layout_layer_cave, fiery_altar_vehumet, overflow_temple_1_default,
          guppyfry_shop_venom, uniq_pikel

Skill      XL: |  1  2 |
---------------+-------+-----
Transmutations | 1 |  1.0
Poison Magic   | 4 |  4.9
Dodging        | |  1.8
Stealth        | |  1.8
Spellcasting   | |  2.6

Action                   |  1- 3 |  4- 6 || total
-------------------------+-------+-------++-------
Melee: Unarmed           |    11 |       ||    11
       Dagger            |    67 |     9 ||    76
 Cast: Sting             |    29 |     9 ||    38
  Use: Scroll            |     4 |       ||     4
 Stab: Sleeping          |     1 |       ||     1
Armor: Robe              |     8 |     2 ||    10
Dodge: Dodged            |    57 |     6 ||    63

Table legend: (Time is in decaauts)
 A = Elapsed time spent in this place.
 B = Non-inter-level travel time spent in this place.
 C = Inter-level travel time spent in this place.
 D = Time resting spent in this place.
 E = Time spent auto-exploring this place.
 F = Levels seen in this place.
 G = Mean time per level.
                   A        B        C        D        E       F      G
               +--------+--------+--------+--------+--------+-----+--------+
         Total |   3623 |   3582 |     41 |      0 |   3109 |   4 |  905.8 |
       Dungeon |   3623 |   3582 |     41 |      0 |   3109 |   4 |  905.8 |
               +--------+--------+--------+--------+--------+-----+--------+

Top non-repeatable levels by time:
     D:1: 1753 daAuts
     D:3: 801 daAuts
     D:2: 715 daAuts
     D:4: 353 daAuts
